 Dungeon Crawl Stone Soup version 0.17-a0-701-gb6462b4 (webtiles) character file.

397 namelastname112 the Ducker (level 6, 0/30 HPs)
             Began as a Felid Transmuter on Apr 19, 2015.
             Was an Initiate of Sif Muna.
             Impaled on a porcupine's spines (8 damage)
             ... on level 6 of the Dungeon.
             The game lasted 00:16:58 (7061 turns).

namelastname112 the Ducker (Felid Transmuter)       Turns: 7061, Time: 00:16:59

Health: 0/30       AC:  2    Str:  6    XL:     6   Next: 53%
Magic:  7/10       EV: 26    Int: 15    God:    Sif Muna [......]
Gold:   159        SH:  0    Dex: 23    Spells: 2 memorised, 5 levels left
                                        Lives:  0   Deaths: 1

rFire  + . .     SeeInvis +       - Unarmed
rCold  . . .     Clarity  .     (armour unavailable)
rNeg   . . .     SustAb   .     (shield unavailable)
rPois  x         Gourm    .     (helmet unavailable)
rElec  .         Spirit   .     (cloak unavailable)
rCorr  .         Warding  .     (gloves unavailable)
rMut   +         Stasis   .     (boots unavailable)
MR     .....                    n - amulet of resist mutation
Stlth  ++........               (no ring)
                                I - ring of protection from fire (curse)

@: spider-form, not resistant to hostile enchantments, unstealthy
A: no armour, no weapons or thrown items, (claws 0), (fangs 0), see invisible,
carnivore 3, (speed 0), (shaggy fur 0), slow metabolism 1, (sharp paws)
a: End Transformation, Renounce Religion


You were on level 6 of the Dungeon.
You worshipped Sif Muna.
Sif Muna was noncommittal.
You were completely stuffed.
You were a venomous arachnid creature.
You visited 1 branch of the dungeon, and saw 7 of its levels.

You collected 313 gold pieces.
You spent 154 gold pieces at shops.

Inventory:

Missiles
 b - 39 arrows
Jewellery
 n - an amulet of resist mutation (around neck)
 I - a cursed ring of protection from fire (left front leg)
Magical devices
 D - a wand of flame (35)
 E - a wand of disintegration (13)
 G - a wand of slowing (20)
 H - a wand of polymorph (2)
Scrolls
 c - 4 scrolls of noise
 f - 2 scrolls of remove curse
 g - a scroll of amnesia {unknown}
 h - 6 scrolls of teleportation {unknown}
 o - 2 scrolls of fog {unknown}
 p - 7 scrolls of identify {unknown}
 q - 2 scrolls of recharging {unknown}
 u - a scroll of enchant weapon {unknown}
 v - 2 scrolls of enchant armour {unknown}
 y - 4 scrolls of blinking {unknown}
 z - a scroll of random uselessness {unknown}
 A - a scroll of magic mapping
Potions
 e - 9 potions of curing
 i - 2 potions of restore abilities
 j - a potion of flight {unknown}
 k - 2 potions of lignification {unknown}
 m - a potion of cure mutation {unknown}
 s - a potion of brilliance {unknown}
 t - a potion of heal wounds {unknown}
 x - a potion of magic {unknown}
 B - a potion of haste
 C - a potion of mutation {unknown}
 J - a potion of cancellation {unknown}
 K - a potion of ambrosia {unknown}
Books
 d - a book of Changes

   Spells                             Type                      Level
   a - Beastly Appendage              Transmutation                1
   b - Sticks to Snakes               Transmutation                2
   c - Spider Form                    Transmutation/Poison         3
   d - Ice Form                       Ice/Transmutation            4
   e - Blade Hands                    Transmutation                5
 F - a book of Debilitation

   Spells                             Type                      Level
   a - Corona                         Hexes                        1
   b - Slow                           Hexes                        2
   c - Gell's Gravitas                Hexes/Translocation          3
   d - Inner Flame                    Hexes/Fire                   3
   e - Cause Fear                     Hexes                        4
   f - Leda's Liquefaction            Hexes/Earth                  4
Comestibles
 a - 4 meat rations
 l - 2 beef jerkies
 r - a slice of pizza
 w - a royal jelly


   Skills:
 + Level 5.3 Fighting
 - Level 5.3 Dodging
 - Level 5.1 Unarmed Combat
 - Level 2.0 Spellcasting
 - Level 2.1 Transmutations


You had 5 spell levels left.
You knew the following spells:

 Your Spells              Type           Power        Failure   Level  Hunger
a - Beastly Appendage     Trmt           #.....       28%         1    #......
b - Spider Form           Trmt/Pois      #.........   65%         3    ###....


Dungeon Overview and Level Annotations

Branches:
Dungeon (7/15)             Temple (0/1) D:5

Altars:
Qazlal
Sif Muna
Vehumet
The Shining One

Shops:
D:4 !

Annotations:
D:5 barthelme's ghost, experienced HuBe
D:6 namelastname112's ghost, experienced DrMo


Innate Abilities, Weirdness & Mutations

You cannot wear armour.
You are incapable of wielding weapons or throwing items.
((You have sharp claws.))
((You have razor-sharp teeth.))
You have supernaturally acute eyesight.
You are carnivorous and can eat meat at any time.
((You cover ground quickly.))
((You are covered in thick fur (AC +2).))
You have a slow metabolism.
((Your sharp claws are effective at attacking unaware monsters.))


Message History

Press: ? - help, Shift-Dir - straight line, f - killer bee
Aim: a killer bee (chance 54%)
The killer bee evaporates and reforms as a porcupine!
Evoking this partially-identified wand wasted a few charges.
Evoke which item? (* to show all) (? for menu, Esc to quit)
Zapping:
H - a wand of polymorph {zapped: 5} (will waste charges)
Press: ? - help, Shift-Dir - straight line, f/p - porcupine
Aim: a porcupine (chance 46%)
The porcupine resists with some effort.
Evoking this partially-identified wand wasted a few charges.
You feel sick.
Casting: Spider Form
Confirm with . or Enter, or press ? or * to list all spells.
You turn into a venomous arachnid creature.
You feel sick.
You are no longer poisoned.
You hit the porcupine but do no damage. The porcupine bites you.
* * * LOW HITPOINT WARNING * * *
You are struck by the porcupine's spines.
You die...

####### ##########.....#
#....#...#.###.#
#.##.#.#...wy..#
#########.##.#r###.###.#
......:...............>#
#######...##.######..#.#
#.####...rs....#.# #.#
########.##.# ####.#
#....# ####.##.###
###### .....#....###
............#
..........#.#
............#
...###'###..#


You could see a porcupine.

Vanquished Creatures
  An ogre (D:4)
  Blork the orc (D:4)
  A giant frog (D:6)
  A crimson imp (D:5)
  2 orc priests (D:7)
  2 orc wizards (D:7)
  A worker ant (D:4)
  6 adders
  2 oozes
  3 worms
  6 giant geckos
  14 orcs
  2 ball pythons
  10 bats
  A bat skeleton (D:4)
  13 goblins
  12 hobgoblins
  10 jackals
  A quokka (D:5)
  6 giant cockroaches
  A giant gecko skeleton (D:4)
  2 giant newts
  A jackal skeleton (D:5)
  15 kobolds
  A quokka zombie (D:6)
  7 rats
122 creatures vanquished.

Vanquished Creatures (others)
  4 fungi (D:4)
4 creatures vanquished.

Grand Total: 126 creatures vanquished

Notes
Turn   | Place    | Note
--------------------------------------------------------------
     0 | D:1      | namelastname112, the Felid Transmuter, began the quest for the Orb.
     0 | D:1      | Reached XP level 1. HP: 9/9 MP: 4/4
    73 | D:1      | Reached XP level 2. HP: 10/12 MP: 6/6
   846 | D:1      | Reached XP level 3. HP: 13/16 MP: 5/7
  1039 | D:1      | Learned a level 3 spell: Spider Form
  1721 | D:2      | Reached XP level 4. HP: 17/20 MP: 4/8
  2425 | D:3      | Found a deep blue altar of Sif Muna.
  2440 | D:3      | Became a worshipper of Sif Muna the Loreminder
  3124 | D:4      | Reached skill level 4 in Dodging
  3432 | D:4      | Found Ytostafi's Distillery.
  3442 | D:4      | Bought a potion of curing for 33 gold pieces
  3442 | D:4      | Bought a potion of restore abilities for 55 gold pieces
  3442 | D:4      | Bought a potion of curing for 33 gold pieces
  3442 | D:4      | Bought a potion of curing for 33 gold pieces
  3754 | D:4      | Noticed an ogre
  3773 | D:4      | Killed an ogre
  3773 | D:4      | Reached skill level 5 in Dodging
  3773 | D:4      | Reached XP level 5. HP: 9/24 MP: 3/9
  4212 | D:4      | Noticed Blork the orc
  4277 | D:4      | Killed Blork the orc
  4277 | D:4      | Gained mutation: You are covered in thick fur (AC +2). [Felid growth]
  4277 | D:4      | Reached XP level 6. HP: 5/28 MP: 6/10
  5040 | D:5      | Entered Level 5 of the Dungeon
  5055 | D:5      | Noticed barthelme's ghost (experienced HuBe)
  5115 | D:5      | Found a staircase to the Ecumenical Temple.
  5978 | D:5      | Found a radiant altar of Vehumet.
  5983 | D:5      | Killed from afar by a goblin
  5984 | D:5      | Reached XP level 5. HP: -2/25 MP: 9/9
  6119 | D:5      | Found a glowing golden altar of the Shining One.
  6420 | D:6      | Reached skill level 5 in Unarmed Combat
  6429 | D:6      | Reached XP level 6. HP: 29/29 MP: 7/10
  6447 | D:6      | Found a stormy altar of Qazlal.
  6468 | D:6      | Noticed namelastname112's ghost (experienced DrMo)
  6677 | D:7      | Reached skill level 5 in Fighting
  7061 | D:6      | Impaled on a porcupine's spines

Action                   |  1- 3 |  4- 6 || total
-------------------------+-------+-------++-------
Melee: Unarmed           |   109 |   223 ||   332
 Cast: Beastly Appendage |    24 |    18 ||    42
       Spider Form       |     2 |    10 ||    12
Evoke: Wand              |       |     3 ||     3
  Use: Scroll            |       |     3 ||     3
       Potion            |       |     1 ||     1
 Stab: Distracted        |     1 |     1 ||     2
       Sleeping          |     2 |     7 ||     9
  Eat: Chunk             |     9 |    18 ||    27
